 Dungeon Crawl Stone Soup version 0.21-a0-513-gdcb3f5eb25 (webtiles) character file.

210 Kaname the Conjurer (level 5, 26/35 HPs)
             Began as a Demonspawn Wizard on Dec 2, 2017.
             Quit the game on level 2 of the Dungeon.
             The game lasted 00:05:26 (2012 turns).

Kaname the Conjurer (Demonspawn Wizard)             Turns: 2012, Time: 00:05:27

Health: 26/35      AC:  2    Str:  8    XL:     5   Next: 57%
Magic:  0/9        EV: 12    Int: 20    God:
Gold:   78         SH:  0    Dex: 11    Spells: 4/10 levels left

rFire    . . .     SeeInvis .   e - +0 spear
rCold    . . .     Gourm    .   (no shield)
rNeg     . . .     Faith    .   a - +0 robe
rPois    .         Spirit   .   b - +0 hat
rElec    .         Reflect  .   (no cloak)
rCorr    .         Harm     .   (no gloves)
MR       .....                  (no boots)
Stlth    +.........             (no amulet)
HPRegen  0.11/turn              (no ring)
MPRegen  0.11/turn              (no ring)

@: very slightly contaminated
A: hooves 1, spiny 1, sanguine armour 1
a: no special abilities


You were on level 2 of the Dungeon.
You were not hungry.

You visited 1 branch of the dungeon, and saw 2 of its levels.

You collected 78 gold pieces.

Inventory:

Hand Weapons
 e - a +0 spear (weapon)
Armour
 a - a +0 robe (worn)
 b - a +0 hat (worn)
Scrolls
 g - a scroll of teleportation {unknown}
Potions
 h - a potion of degeneration
 i - a potion of heal wounds {unknown}
Books
 c - a book of Minor Magic

   Spells                             Type                      Level
   a - Magic Dart                     Conjuration                  1
   b - Blink                          Translocation                2
   c - Call Imp                       Summoning                    2
   d - Slow                           Hexes                        2
   e - Conjure Flame                  Conjuration/Fire             3
   f - Mephitic Cloud                 Conjuration/Poison/Air       3
Comestibles
 d - 4 bread rations
 f - a chunk of flesh


   Skills:
 - Level 1.7 Dodging
 - Level 1.7 Stealth
 - Level 3.0 Spellcasting
 + Level 5.2 Conjurations
   Level 1.0 Summonings
 - Level 1.0 Translocations
 - Level 1.0 Air Magic
 - Level 1.0 Poison Magic


You had 4 spell levels left.
You knew the following spells:

 Your Spells              Type           Power        Failure   Level  Hunger
a - Magic Dart            Conj           ###.         1%          1    None
b - Blink                 Tloc           N/A          14%         2    ##.....
c - Mephitic Cloud        Conj/Pois/Air  ##......     16%         3    ###....


Dungeon Overview and Level Annotations

Branches:
Dungeon (2/15)

Altars:
Hepliaklqana


Innate Abilities, Weirdness & Mutations

You have large cloven feet.
You are partially covered in sharp spines.
When seriously injured, your bleeding wounds create armour. (AC +0)


Message History

Sigmund is almost dead.
Casting: Magic Dart
Confirm with . or Enter, or press ? or * to list all spells.
Aiming: Magic Dart
Press: ? - help, Shift-Dir - straight line, f/p - Sigmund
Aim: Sigmund, wielding a scythe and wearing a robe (almost dead, confused)
The magic dart hits Sigmund.
You kill Sigmund!
You feel your strength returning.
You feel your intelligence returning.
You feel your dexterity returning.
Your Conjurations skill gained 2 levels and is now at level 5!
You have reached level 4!
You feel stronger.
You have reached level 5!
Your demonic ancestry asserts itself...
You feel your blood ready itself to protect you.
You now have 78 gold pieces (gained 16).
Things that are here:
a scythe; a robe Are you sure you want to abandon this character and quit the game? (Confirm with "yes".)

#######
#........###.#.#.#
##.##.######.#.#{#
#....#..@...#.#)#
#..#.##.#####.#.#
##.#.##.# . #.#.#
#.#.##.# #.#.#.#
#.#.##.# #.#.#.#
#......# #....(#
##..@### ###.###
#.......?# #.#
#.#..##### #.#
#.#...# #.#
#.#...# #.#
#$##..# #.# #.
#(.# #.# #. #.).
#.# #.#


There were no monsters in sight!

Vanquished Creatures
  Sigmund (D:2)
  An ooze (D:1)
  2 leopard geckos
  11 bats
  2 giant cockroaches (D:2)
  3 goblins
  3 hobgoblins
  8 jackals
  5 kobolds
  A quokka (D:2)
  A ball python (D:2)
  4 frilled lizards
  6 rats
48 creatures vanquished.

Notes
Turn   | Place    | Note
-------+----------+-------------------------------------------
     0 | D:1      | Kaname the Demonspawn Wizard began the quest for the Orb.
     0 | D:1      | Reached XP level 1. HP: 13/13 MP: 4/4
   361 | D:1      | Reached skill level 2 in Conjurations
   381 | D:1      | Gained mutation: You have large cloven feet. [demonic ancestry]
   381 | D:1      | Reached XP level 2. HP: 19/19 MP: 0/6
  1071 | D:1      | Reached skill level 3 in Conjurations
  1082 | D:1      | Learned a level 2 spell: Blink
  1240 | D:1      | Gained mutation: You are partially covered in sharp spines. [demonic ancestry]
  1240 | D:1      | Reached XP level 3. HP: 24/24 MP: 4/7
  1287 | D:2      | Reached skill level 1 in Translocations
  1292 | D:2      | Learned a level 3 spell: Mephitic Cloud
  1497 | D:2      | Noticed Sigmund
  1600 | D:2      | Reached skill level 1 in Air Magic
  1915 | D:2      | Reached skill level 1 in Poison Magic
  1951 | D:2      | Found a hazy altar of Hepliaklqana.
  2008 | D:2      | Killed Sigmund
  2008 | D:2      | Reached skill level 5 in Conjurations
  2008 | D:2      | Reached XP level 4. HP: 22/30 MP: 0/8
  2008 | D:2      | Gained mutation: When seriously injured, your bleeding wounds create armour. (AC +0) [demonic ancestry]
  2008 | D:2      | Reached XP level 5. HP: 25/35 MP: 0/9
  2012 | D:2      | Quit the game

Vault maps used:
D:1:      dpeg_arrival_arbitrary_b, minmay_distorted
D:2:      minmay_roachtagon, marbit_many_paths, lemuel_coloured_pillars_altar,
          uniq_natasha, uniq_sigmund

Skill      XL: |  1  2  3 |
---------------+----------+-----
Conjurations   | 2 3 5 |  5.2
Translocations | 1 |  1.0
Air Magic      | 1 |  1.0
Poison Magic   | 1 |  1.0
Dodging        | |  1.7
Stealth        | |  1.7
Spellcasting   | |  3.0
Summonings     | |  1.0

Action                   |  1- 3 |  4- 6 || total
-------------------------+-------+-------++-------
Melee: Unarmed           |     4 |       ||     4
       Spear             |    36 |       ||    36
       Kick              |     7 |       ||     7
 Cast: Magic Dart        |    85 |     1 ||    86
       Mephitic Cloud    |     2 |       ||     2
  Use: Scroll            |     2 |       ||     2
       Potion            |     2 |       ||     2
 Stab: Sleeping          |     2 |       ||     2
       Confused          |     1 |       ||     1
  Eat: Chunk             |     3 |       ||     3
Armor: Robe              |    10 |       ||    10
Dodge: Dodged            |    21 |       ||    21

Table legend:
 A = Spawn XP
 B = Non-spawn XP
 C = Spawn XP percentage of total XP
 D = Spawn monster count
 E = Non-spawn monster count
 F = Spawn count percentage of total count
 G = Total turns spent on level
                    A         B        C        D         E        F      G
               +---------+---------+-------+---------+---------+-------+---------
         Total |       0 |     301 |   0.0 |       0 |      48 |   0.0 |  2012
               +---------+---------+-------+---------+---------+-------+---------
           D:1 |       0 |      41 |   0.0 |       0 |      22 |   0.0 |  1318
           D:2 |       0 |     260 |   0.0 |       0 |      26 |   0.0 |   694
               +---------+---------+-------+---------+---------+-------+---------
